 Dungeon Crawl Stone Soup version 0.26.1-2-gb8aa6d0cf2 (webtiles) character file.

Game seed: 5461385572321117099

17287 zcampers the Cleaver (level 12, -4/168 HPs)
             Began as a Minotaur Berserker on Mar 27, 2021.
             Was an Elder of Trog.
             Slain by a 16-headed hydra (8 damage)
             ... on level 2 of the Lair of Beasts.
             The game lasted 00:15:52 (12944 turns).

zcampers the Cleaver (Minotaur Berserker)          Turns: 12944, Time: 00:15:53

Health: -4/168     AC: 16    Str: 23    XL:     12   Next: 17%
Magic:  11/11      EV: 18    Int:  8    God:    Trog [****..]
Gold:   411        SH:  7    Dex: 18    Spells: 11/11 levels left

rFire    . . .     SeeInvis .   l - +5 war axe
rCold    . . .     Faith    .   a - +2 buckler
rNeg     . . .     Spirit   .   E - +3 scale mail
rPois    .         Reflect  .   (helmet unavailable)
rElec    .         Harm     .   i - +1 cloak
rCorr    +         Rampage  .   (no gloves)
Will     .....                  (no boots)
Stlth    ..........             (no amulet)
HPRegen  0.38/turn              s - +6 ring of dexterity
MPRegen  0.12/turn              q - ring of resist corrosion

@: berserking, very quick
A: retaliatory headbutt, horns 3, yellow scales 1, strong 1
a: Renounce Religion, Berserk, Trog's Hand, Brothers in Arms


You were on level 2 of the Lair of Beasts.
You worshipped Trog.
Trog was greatly pleased with you.
You visited 2 branches of the dungeon, and saw 12 of its levels.
You also visited: Sewer.

You collected 692 gold pieces.
You spent 281 gold pieces at shops.

Inventory:

Hand Weapons
 j - a +2 flail of holy wrath
 l - a +5 war axe (weapon)
Missiles
 w - 18 atropa-tipped darts (quivered)
Armour
 a - a +2 buckler (worn)
 i - a +1 cloak (worn)
 E - a +3 scale mail (worn)
Jewellery
 q - a ring of resist corrosion (right hand)
 s - a +6 ring of dexterity (left hand)
Wands
 b - a wand of iceblast (16)
 g - a wand of flame (37)
 A - a wand of paralysis (5)
 C - a wand of random effects (35)
 D - a wand of disintegration (9)
 G - a wand of enslavement (5)
Scrolls
 e - 14 scrolls of identify
 k - 5 scrolls of remove curse
 m - 3 scrolls of amnesia
 n - a scroll of fog
 p - 2 scrolls of magic mapping
 u - a scroll of fear
 x - 5 scrolls of teleportation
Potions
 c - 4 potions of heal wounds
 d - 7 potions of flight
 f - 3 potions of curing
 h - 2 potions of haste
 r - a potion of ambrosia
 t - a potion of attraction
 v - a potion of cancellation
 z - 2 potions of invisibility
 B - a potion of might
 F - a potion of resistance


   Skills:
 + Level 12.1 Fighting
 + Level 12.1 Axes
 + Level 11.9 Armour
 + Level 11.0 Dodging
 - Level 4.0 Shields


You had 11 spell levels left.
You didn't know any spells.
Your spell library was empty.

Dungeon Overview and Level Annotations

Branches:
Dungeon (10/15)            Temple (0/1) D:7            Lair (2/6) D:8
  Sewer (visited)
  Swamp: Lair:2-4    Shoals: Lair:2-4     Snake: Lair:2-4    Spider: Lair:2-4
    Orc: D:9-12

Altars:
Cheibriados
Dithmenos
Gozag
Okawaru
Sif Muna
Trog
Uskayaw
Vehumet
Wu Jian
Xom
Yredelemnul
Zin
The Shining One

Shops:
D:4 }?=!*   D:8 !

Annotations:
D:7 2 transporters, Ayazi56's ghost, novice OpFi


Innate Abilities, Weirdness & Mutations

You reflexively headbutt those who attack you in melee.
You have a pair of large horns on your head.
You are partially covered in yellow scales. (AC +2)
Your muscles are strong. (Str +2)


Message History

You slash the tyrant leech!
The tyrant leech is lightly wounded.
You slice one of the 14-headed hydra's heads off!
The 13-headed hydra grows two more!
You slash the 15-headed hydra!
You hack one of the 15-headed hydra's heads off!
The 14-headed hydra grows two more!
You slice the 16-headed hydra!!
The 16-headed hydra is severely wounded.
You hit the tyrant leech.
Your skin stops crawling.
You feel less strong-willed. The 16-headed hydra barely misses you.
You furiously retaliate!
You headbutt the 16-headed hydra!! You block the 16-headed hydra's attack.
The 16-headed hydra completely misses you.
The 16-headed hydra bites you but does no damage.
The 16-headed hydra barely misses you.
The 16-headed hydra bites you but does no damage. x3
You block the 16-headed hydra's attack. The 16-headed hydra misses you.
The 16-headed hydra bites you.
* * * LOW HITPOINT WARNING * * *
The 16-headed hydra bites you!
You die...

♣♣♣♣♣.........>........
♣♣≈≈≈♣..................
♣≈≈≈≈♣.................. §
♣≈≈≈≈♣..................
♣§♣§≈≈≈♣...........P......
♣§.§§≈≈♣.........####.....
♣.§.§≈≈♣........## #.....
♣♣§.≈≈...D.......# ##....
♣♣.♣≈..w@.......# #...##
♣♣♣♣.♣##......P# ##..## ♣♣♣♣♣♣
♣♣♣ #......## #..P# ♣..♣.♣♣♣♣♣
#......# ###... ...#.P♣♣.###
#......# #..... ..#.####...#
#......# ###... ...## ##..##
##......## ##...# ...## #.#.###
#........# ##...#.
##..#####...####........###..†###


You could see a 16-headed hydra and a tyrant leech.

Vanquished Creatures
  Snorg (D:10)
  3 hydras
  4 two-headed ogres
  An unseen horror (D:10)
  Pikel (D:7)
  3 elephants (Lair:2)
  A black mamba (Lair:2)
  Joseph (D:9)
  3 cane toads
  3 komodo dragons
  A troll (D:8)
  A hornet (D:6)
  8 blink frogs (Lair:1)
  A basilisk (Lair:2)
  A swamp worm (Lair:2)
  4 water moccasins
  Purgy (Sewer)
  4 orc warriors
  An ice beast (D:9)
  2 phantoms
  6 ogres
  A black bear (D:7)
  7 wolves (D:8)
  2 necrophages (D:9)
  3 centaurs
  2 lemures (D:7)
  A big kobold (D:10)
  9 bullfrogs
  2 scorpions
  6 killer bees (D:8)
  7 wights
  2 howler monkeys (D:4)
  2 electric eels (D:8)
  A centaur zombie (D:9)
  2 bullfrog zombies
  3 orc priests
  3 jellies
  A centaur skeleton (D:10)
  4 hounds
  11 orc wizards
  A bullfrog skeleton (D:6)
  Terence (D:3)
  4 iguanas
  6 worker ants
  2 hound skeletons
  Robin (D:3)
  A worker ant zombie (D:5)
  11 adders
  3 gnolls (D:6)
  4 shadow imps
  2 white imps
  2 ufetubi
  An adder zombie (D:9)
  An adder skeleton (D:8)
  5 worms
  5 dart slugs
  3 leopard geckos
  44 orcs
  4 bats
  3 giant cockroaches
  20 goblins
  9 hobgoblins
  6 quokkas
  A ball python (D:2)
  4 frilled lizards
  2 goblin skeletons (D:9)
  3 hobgoblin zombies (D:9)
  19 kobolds
  A kobold skeleton (D:9)
  4 kobold zombies (D:9)
  A leopard gecko skeleton (D:8)
  An orc skeleton (D:9)
  3 orc zombies (D:9)
  4 rats
302 creatures vanquished.

Vanquished Creatures (collateral kills)
  A swamp worm (Lair:2)
1 creature vanquished.

Vanquished Creatures (others)
  2 fungi (Lair:1)
  2 plants
  3 withered plants (D:9)
7 creatures vanquished.

Grand Total: 310 creatures vanquished

Notes
Turn   | Place    | Note
-------+----------+-------------------------------------------
     0 | D:1      | zcampers the Minotaur Berserker began the quest for the
                  | Orb.
     0 | D:1      | Reached XP level 1. HP: 19/19 MP: 0/0
   306 | D:1      | Reached XP level 2. HP: 3/27 MP: 1/1
  1238 | D:2      | Found an opulent altar of Gozag.
  1367 | D:2      | Reached XP level 3. HP: 33/33 MP: 2/2
  1446 | D:2      | Noticed an ogre
  1451 | D:2      | Killed an ogre
  1452 | D:2      | Reached skill level 1 in Shields
  1452 | D:2      | Reached XP level 4. HP: 41/41 MP: 3/3
  1979 | D:2      | Reached ** piety under Trog
  1990 | D:2      | Reached XP level 5. HP: 45/47 MP: 4/4
  2088 | D:2      | Found a faded altar of an unknown god.
  2730 | D:3      | Noticed Terence
  2743 | D:3      | Killed Terence
  2768 | D:3      | Noticed Robin
  2784 | D:3      | Killed Robin
  2974 | D:3      | Found a radiant altar of Vehumet.
  3006 | D:3      | Reached XP level 6. HP: 36/55 MP: 5/5
  3285 | D:4      | Found Joat's Jewellery Shop.
  3304 | D:4      | Reached skill level 5 in Axes
  3324 | D:4      | Reached skill level 5 in Fighting
  4023 | D:4      | Found Ohin's Distillery.
  4052 | D:4      | Found a bloodstained altar of Trog.
  4166 | D:4      | Found Plog's Gadget Emporium.
  4168 | D:4      | Found Rocusmut's Magic Scroll Emporium.
  4201 | D:4      | Bought a scroll of enchant weapon for 75 gold pieces
  4201 | D:4      | Bought a scroll of enchant armour for 75 gold pieces
  4201 | D:4      | Bought a scroll of magic mapping for 35 gold pieces
  4344 | D:4      | Found Xil Yfen's General Store.
  4354 | D:4      | Reached XP level 7. HP: 59/61 MP: 6/6
  4457 | D:5      | Entered Level 5 of the Dungeon
  4577 | D:5      | Found a glowing silver altar of Zin.
  4949 | D:5      | Reached skill level 5 in Armour
  5405 | D:6      | Noticed a +0 hand axe
  5406 | D:6      | Noticed a +0 hand axe
  5563 | D:6      | Found a glowing drain.
  5573 | Sewer    | Entered a sewer
  5603 | Sewer    | Reached skill level 5 in Dodging
  5614 | Sewer    | Noticed Purgy
  5617 | Sewer    | Killed Purgy
  5618 | Sewer    | Reached XP level 8. HP: 68/70 MP: 7/7
  5720 | Sewer    | Reached *** piety under Trog
  5946 | D:6      | Found a hide-covered altar of Uskayaw.
  6381 | D:6      | Noticed a hornet
  6392 | D:6      | Killed a hornet
  6583 | D:7      | Found a transporter.
  6585 | D:7      | Found a transporter.
  6585 | D:7      | Noticed Ayazi56's ghost (novice OpFi)
  6793 | D:7      | Found a staircase to the Ecumenical Temple.
  7007 | D:7      | Found a basalt altar of Yredelemnul.
  7007 | D:7      | Found a shadowy altar of Dithmenos.
  7059 | D:7      | Noticed Pikel
  7074 | D:7      | Killed Pikel
  7075 | D:7      | Reached XP level 9. HP: 61/81 MP: 8/8
  7221 | D:7      | Found a glowing golden altar of the Shining One.
  7705 | D:8      | Noticed a troll
  7706 | D:8      | Found a staircase to the Lair.
  7715 | D:8      | Killed a troll
  7776 | D:8      | Noticed a two-headed ogre
  7785 | D:8      | Killed a two-headed ogre
  7786 | D:8      | Reached XP level 10. HP: 91/91 MP: 9/9
  8355 | D:8      | Found Bisinupp's Distillery.
  8369 | D:8      | Reached **** piety under Trog
  8403 | D:8      | Bought a potion of mutation for 96 gold pieces
  8405 | D:8      | Gained mutation: Your muscles are strong. (Str +2) [potion
                  | of mutation]
  8405 | D:8      | Gained mutation: You have a pair of large horns on your
                  | head. [potion of mutation]
  8405 | D:8      | Gained mutation: You are partially covered in yellow
                  | scales. (AC +2) [potion of mutation]
  8554 | D:8      | Found an opulent altar of Gozag.
  8556 | D:8      | Found a shimmering altar of Xom.
  8556 | D:8      | Found a shimmering blue altar of Sif Muna.
  8558 | D:8      | Found a hide-covered altar of Uskayaw.
  8558 | D:8      | Found a snail-covered altar of Cheibriados.
  8558 | D:8      | Found a shimmering altar of Xom.
  8708 | D:9      | Noticed Joseph
  8724 | D:9      | Killed Joseph
  8894 | D:9      | Found a glowing golden altar of the Shining One.
  9001 | D:9      | Reached skill level 10 in Axes
  9006 | D:9      | Reached skill level 10 in Fighting
  9026 | D:9      | Noticed a two-headed ogre
  9034 | D:9      | Killed a two-headed ogre
  9211 | D:9      | Reached skill level 10 in Armour
  9254 | D:9      | Found an ornate altar of the Wu Jian Council.
  9255 | D:9      | Found an iron altar of Okawaru.
  9748 | D:10     | Entered Level 10 of the Dungeon
  9885 | D:10     | Noticed Snorg
  9898 | D:10     | Killed Snorg
  9899 | D:10     | Reached XP level 11. HP: 75/101 MP: 10/10
 10195 | D:10     | Killed an unseen horror
 10410 | D:10     | Noticed a two-headed ogre
 10417 | D:10     | Killed a two-headed ogre
 10552 | D:10     | Noticed a two-headed ogre
 10560 | D:10     | Killed a two-headed ogre
 10842 | Lair:1   | Entered Level 1 of the Lair of Beasts
 10842 | Lair:1   | Noticed an eight-headed hydra
 10848 | Lair:1   | Killed a 12-headed hydra
 10849 | Lair:1   | Reached skill level 10 in Dodging
 11482 | Lair:1   | Noticed a five-headed hydra
 11491 | Lair:1   | Killed an eight-headed hydra
 11491 | Lair:1   | Reached ***** piety under Trog
 12395 | Lair:2   | Reached XP level 12. HP: 112/112 MP: 11/11
 12927 | Lair:2   | Noticed a six-headed hydra
 12927 | Lair:2   | Noticed a seven-headed hydra
 12942 | Lair:2   | Killed an 11-headed hydra
 12942 | Lair:2   | HP: 6/168 [14-headed hydra (13)]
 12944 | Lair:2   | Slain by a 16-headed hydra

Illustrated notes

Levels and vault maps discovered:
D:1:      dpeg_arrival_tiny_i, layout_loops_ring, minmay_stone_trees_small
D:2:      layout_basic, grunt_gozag_breadcrumbs,
          chequers_ecumenical_altar_island
D:3:      layout_rooms, lemuel_doored_altar, uniq_robin, uniq_terence
D:4:      layout_rooms, marbit_many_paths, serial_shops, shop,
          nicolae_shop_crystal, shop, shop_statue, shop, kennysheep_minor_cross
D:5:      layout_cave_pods, zin_statuary
D:6:      layout_cave_pods, dancing_weapons_uskayaw, portal_sewer_entry_d,
          minmay_misc_feat_secret_circle
D:7:      layout_loops_cross, nicolae_overflow_crystal_walls,
          gammafunk_temple_overflow_wave, minmay_temple_entry_junction_2,
          gammafunk_ghost_mausoleum, uniq_pikel
D:8:      layout_rooms, doesnt_xom_only_xom, erik_lair_island, serial_shops,
          shop
D:9:      layout_stronghold, gammafunk_temple_overflow_pools, serial_undead,
          serial_undead_d, serial_undead_f, serial_undead_e, serial_undead_b,
          nicolae_tso_besieged_by_evil, uniq_joseph
D:10:     layout_loops_corners, uniq_snorg
Lair:1:   layout_regular_city
Lair:2:   layout_layer_cave, palyth_hydra_swamp_entry, patterned_corridor

Skill      XL: |  1  2  3  4  5  6  7  8  9 10 11 12 |
---------------+-------------------------------------+-----
Fighting       | 4 5 6 7 9 10 11 12 | 12.1
Axes           | 4 5 6 7 9 10 11 12 | 12.1
Armour         | 3 4 5 7 8 10 11 | 11.9
Dodging        | 3 4 5 6 8 9 10 11 | 11.0
Shields        | 1 2 3 4 |  4.0

Action                   |  1- 3 |  4- 6 |  7- 9 | 10-12 || total
-------------------------+-------+-------+-------+-------++-------
Melee: Hand axe          |    48 |   180 |       |       ||   228
       Headbutt          |     5 |    30 |    46 |    81 ||   162
       War axe           |       |    21 |   182 |   306 ||   509
Throw: Dart              |       |       |     5 |       ||     5
Invok: Berserk           |     1 |     3 |     3 |     6 ||    13
       Trog's Hand       |       |     7 |     6 |    12 ||    25
       Brothers in Arms  |       |       |       |     1 ||     1
Evoke: Wand              |       |       |     3 |       ||     3
  Use: Scroll            |     1 |     8 |     3 |     5 ||    17
       Potion            |       |     8 |     3 |     2 ||    13
Armor: Animal skin       |     4 |     4 |       |       ||     8
       Ring mail         |       |    64 |    39 |       ||   103
       Scale mail        |       |       |    21 |   120 ||   141
Dodge: Dodged            |    23 |   114 |   140 |   245 ||   522
Block: Buckler           |     1 |    50 |    65 |   112 ||   228
